 Dungeon Crawl Stone Soup version 0.29-a0-23-ga79f92ac9c (webtiles) character file.

Game seed: 2296423424048504474

18264 HallandMoats the Fighter (level 12, -1/112 HPs)
             Began as a Ghoul Monk on Jan 30, 2022.
             Was a High Priest of Okawaru.
             Slain by a four-headed hydra (8 damage)
             ... on level 12 of the Dungeon.
             The game lasted 00:18:54 (17815 turns).

HallandMoats the Fighter (Ghoul Monk)              Turns: 17815, Time: 00:18:55

Health: -1/112     AC: 17    Str: 18    XL:     12   Next: 56%
Magic:  1/37       EV: 13    Int:  4    God:    Okawaru [*****.]
Gold:   682        SH:  0    Dex: 11    Spells: 11/11 levels left

rFire   . . .      SeeInvis .     - Unarmed
rCold   + . .      Faith    .   (no shield)
rNeg    + + +      Spirit   .   N - +0 acid dragon scales
rPois   ∞          Reflect  .   y - +2 hat
rElec   .          Harm     .   n - +0 cloak
rCorr   +          Rampage  .   o - +3 Mad Mage's Maulers {Infuse+∞ RegenMP Int-3}
Will    .....                   z - +1 pair of boots
Stlth   +.........              (no amulet)
HPRegen 0.00/turn               e - ring of magical power
MPRegen 0.65/turn               B - ring of magical power

@: inhibited regen
A: claws 1, cold resistance 1, negative energy resistance 3, inhibited
regeneration, torment resistance 2
a: Renounce Religion, Heroism, Finesse, Duel


You were on level 12 of the Dungeon.
You worshipped Okawaru.
Okawaru was extremely pleased with you.
You visited 2 branches of the dungeon, and saw 13 of its levels.

You collected 682 gold pieces.

Inventory:

Missiles
 g - a throwing net (quivered)
Armour
 n - a +0 cloak (worn)
 o - the +3 Mad Mage's Maulers (worn) {Infuse+∞ RegenMP Int-3}
   (You acquired it on level 5 of the Dungeon)

   It empowers its wearer's blows with all of their magic.
   It causes its wearer's magical reserves to regenerate more quickly.
   Int:       It affects your intelligence (-3).
 y - a +2 hat (worn)
 z - a +1 pair of boots (worn)
 N - +0 acid dragon scales (worn)
Jewellery
 e - a ring of magical power (left hand)
 x - a ring of fire
 A - a +4 ring of evasion
 B - a ring of magical power (right hand)
 D - a ring of resist corrosion
Wands
 H - a wand of flame (51)
 J - a wand of digging (7)
 M - a wand of paralysis (13)
Scrolls
 a - 2 scrolls of fear
 f - 13 scrolls of teleportation
 h - 2 scrolls of blinking {unknown}
 i - 2 scrolls of fog
 p - 2 scrolls of magic mapping
 q - 3 scrolls of enchant armour
 r - 2 scrolls of amnesia
 v - 2 scrolls of enchant weapon
 w - 3 scrolls of immolation
 G - a scroll of vulnerability {unknown}
 I - 2 scrolls of brand weapon {unknown}
 K - a scroll of identify
Potions
 b - 3 potions of mutation
 c - a potion of lignification
 d - a potion of berserk rage {unknown}
 j - a potion of flight
 k - a potion of invisibility
 l - 5 potions of curing
 m - a potion of magic {unknown}
 s - 2 potions of degeneration {unknown}
 t - a potion of cancellation {unknown}
 u - a potion of haste {unknown}
 C - 3 potions of brilliance {unknown}
 E - a potion of heal wounds {unknown}
 F - a potion of attraction {unknown}
 L - a potion of might {unknown}


   Skills:
 * Level 11.8 Fighting
 + Level 6.4 Armour
 + Level 7.1 Dodging
 - Level 2.1 Stealth
 * Level 11.7 Unarmed Combat
 * Level 11.2 Invocations


You had 11 spell levels left.
You didn't know any spells.
Your spell library contained the following spells:

 Spells                   Type           Power      Damage    Failure   Level
 Pain                     Necr           0%         1d4       58%         1
 Conjure Flame            Conj/Fire      0%         6-21      91%         3
 Ignite Poison            Fire/Tmut/Pois 0%         N/A       91%         3
 Vampiric Draining        Necr           0%         2d6       91%         3
 Fulminant Prism          Conj/Hex       0%         3d6       100%        4
 Iskenderun's Mystic Bla  Conj/Tloc      0%         2d3       100%        4
 Sticky Flame             Conj/Fire      0%         2d3       100%        4
 Lee's Rapid Deconstruct  Erth           0%         3d5*      100%        5
 Animate Skeleton         Necr           Unusable   N/A       N/A         1

Dungeon Overview and Level Annotations

Branches:
Dungeon (12/15)            Temple (1/1) D:7            Lair (0/6) D:8
    Orc (0/2) D:11

Altars:
Ashenzari
Cheibriados
Dithmenos
Elyvilon
Fedhas
Gozag
Hepliaklqana
Kikubaaqudgha
Makhleb
Nemelex Xobeh
Okawaru
Qazlal
Ru
Sif Muna
Trog
Uskayaw
Vehumet
Wu Jian
Xom
Yredelemnul
Zin
The Shining One

Shops:
D:3 (   D:8 [   D:9 :(

Annotations:
D:5 1 runed translucent door, Xenoroth's ghost, novice MfCK


Innate Abilities, Weirdness & Mutations

You thrive by killing the living.
You are immune to poison.
You have sharp fingernails.
Your flesh is cold resistant. (rC+)
You are immune to negative energy. (rN+++)
You do not regenerate when monsters are visible.
You are immune to unholy pain and torment.


Message History

The four-headed hydra is severely wounded.
You completely miss the four-headed hydra.
The four-headed hydra is severely wounded.
The four-headed hydra bites you but does no damage. x3
The four-headed hydra misses you.
You hit the four-headed hydra.
Your punch misses the four-headed hydra.
The four-headed hydra is almost dead.
The boulder beetle leaps!
The four-headed hydra bites you but does no damage.
The four-headed hydra bites you.
* * * LOW HITPOINT WARNING * * *
The four-headed hydra barely misses you.
The four-headed hydra bites you but does no damage.
You barely miss the four-headed hydra.
The four-headed hydra is almost dead.
The four-headed hydra bites you.
* * * LOW HITPOINT WARNING * * *
The four-headed hydra barely misses you.
The four-headed hydra bites you but does no damage. x2
You hit the four-headed hydra.
Your punch misses the four-headed hydra.
The four-headed hydra is almost dead.
The four-headed hydra bites you but does no damage.
The four-headed hydra barely misses you. x2
The four-headed hydra bites you!
* * * LOW HITPOINT WARNING * * *
You hit the four-headed hydra.
The four-headed hydra is almost dead.
The boulder beetle leaps!
Unknown command.
Unknown command.
You barely miss the four-headed hydra.
The four-headed hydra is almost dead.
The four-headed hydra barely misses you.
The four-headed hydra bites you.
* * * LOW HITPOINT WARNING * * *
The four-headed hydra completely misses you.
The four-headed hydra bites you!
You die...

##.######...#.##......
#.....°.....#.##......
#......○°.............
#........○.##.##...)..
#....#.#.<°.#..#......
###..#.#.##.#.........
#..#...##°#..#......
#(#######....#......
#..@D..#D...##......
######○#.#####......
#...# ####### #####


You could see a four-headed hydra.

Vanquished Creatures
  Nessos (D:11)
  5 hydras
  2 boulder beetles
  3 two-headed ogres
  Pikel (D:4)
  An ugly thing (D:12)
  3 cyclopes
  2 kobold demonologists (D:11)
  An unseen horror (D:6)
  3 trolls
  A wyvern (D:8)
  3 wraiths
  A shadow (D:10)
  15 yaks
  8 vampire mosquitoes
  2 steam dragons
  2 water moccasins
  2 acid dragons
  2 orc warriors
  An ice beast (D:8)
  A hornet zombie (D:8)
  2 sky beasts
  2 centaurs
  3 necrophages
  An ogre (D:4)
  3 lemures (D:4)
  4 kobold brigands
  A bullfrog (D:6)
  2 scorpions
  A water moccasin zombie (D:5)
  4 killer bees (D:8)
  5 wights (D:9)
  An electric eel (D:11)
  7 howler monkeys
  4 centaur zombies
  A jelly (D:4)
  Crazy Yiuf (D:2)
  A centaur skeleton (D:6)
  3 orc priests
  4 hounds
  An orc wizard (D:6)
  A scorpion zombie (D:5)
  A killer bee zombie (D:8)
  A howler monkey zombie (D:9)
  4 adders
  A shadow imp (D:8)
  An ufetubus (D:7)
  An adder skeleton (D:4)
  3 worms
  2 dart slugs
  20 orcs
  8 ball pythons
  6 endoplasms
  6 giant cockroaches
  9 goblins
  13 hobgoblins
  6 jackals
  20 kobolds
  6 quokkas
  4 bats
  2 frilled lizards
  6 rats
232 creatures vanquished.

Notes
Turn   | Place    | Note
-------+----------+-------------------------------------------
     0 | D:1      | HallandMoats the Ghoul Monk began the quest for the Orb.
     0 | D:1      | Reached XP level 1. HP: 19/19 MP: 0/0
   358 | D:1      | Reached XP level 2. HP: 26/26 MP: 1/1
   372 | D:1      | Found a faded altar of an unknown god.
   379 | D:1      | Reached skill level 1 in Invocations
   606 | D:1      | HP: 1/26 [quokka (3)]
   612 | D:1      | Reached XP level 3. HP: 5/31 MP: 3/3
  1512 | D:2      | Reached XP level 4. HP: 40/40 MP: 4/4
  1951 | D:2      | Found a runed translucent door.
  1952 | D:2      | Noticed Crazy Yiuf
  2283 | D:2      | Killed Crazy Yiuf
  2284 | D:2      | Reached skill level 1 in Armour
  2284 | D:2      | Reached XP level 5. HP: 11/46 MP: 5/5
  2755 | D:3      | Found Keepaigh's Weapon Emporium.
  4235 | D:4      | Reached XP level 6. HP: 33/53 MP: 7/7
  4365 | D:4      | HP: 1/53 [ogre (24)]
  5167 | D:4      | Reached skill level 5 in Fighting
  5295 | D:5      | Entered Level 5 of the Dungeon
  5438 | D:5      | Noticed Pikel
  5980 | D:4      | Killed Pikel
  5981 | D:4      | Reached skill level 5 in Unarmed Combat
  5981 | D:4      | Reached XP level 7. HP: 10/62 MP: 7/9
  5981 | D:4      | Reached XP level 8. HP: 12/70 MP: 7/10
  6563 | D:5      | Found a runed translucent door.
  6565 | D:5      | Noticed Xenoroth's ghost (novice MfCK)
  6679 | D:5      | Reached skill level 5 in Invocations
  7098 | D:5      | Identified a scroll of acquirement
  7100 | D:5      | Acquired the +3 Mad Mage's Maulers {Infuse+∞ RegenMP Int-3}
  7100 | D:5      | Found the +3 Mad Mage's Maulers {Infuse+∞ RegenMP Int-3}
  7890 | D:6      | Noticed a two-headed ogre
  7901 | D:6      | Killed a two-headed ogre
  7902 | D:6      | Reached XP level 9. HP: 49/79 MP: 0/12
  8253 | D:6      | Killed an unseen horror
  8333 | D:6      | Noticed a two-headed ogre
  8343 | D:6      | Killed a two-headed ogre
  8344 | D:6      | Reached skill level 5 in Dodging
  8729 | D:7      | Reached XP level 10. HP: 88/88 MP: 0/14
  9364 | D:7      | Found a staircase to the Ecumenical Temple.
  9396 | Temple   | Entered the Ecumenical Temple
  9698 | Temple   | Became a worshipper of Warmaster Okawaru
  9698 | Temple   | Reached * piety under Okawaru
  9698 | Temple   | Reached ** piety under Okawaru
 10329 | D:8      | Found a staircase to the Lair.
 10540 | D:8      | Found a burning altar of Makhleb.
 10591 | D:8      | Found a shadowy altar of Dithmenos.
 10597 | D:8      | Found a sacrificial altar of Ru.
 10778 | D:8      | Found Tyet's Antique Armour Boutique.
 10963 | D:8      | Reached *** piety under Okawaru
 11293 | D:9      | Reached skill level 5 in Armour
 11829 | D:9      | Found Loecathra's Self-Improvement Boutique.
 11849 | D:9      | Reached XP level 11. HP: 99/99 MP: 0/16
 11941 | D:9      | Found Esaerr's Weapon Emporium.
 12301 | D:10     | Entered Level 10 of the Dungeon
 12319 | D:10     | Reached **** piety under Okawaru
 12521 | D:10     | Received a gift from Okawaru
 12753 | D:10     | Reached skill level 10 in Fighting
 13071 | D:10     | Reached skill level 10 in Unarmed Combat
 13587 | D:11     | Noticed a cyclops
 13615 | D:11     | Noticed a seven-headed hydra
 13619 | D:11     | Killed a cyclops
 13619 | D:11     | Reached ***** piety under Okawaru
 13748 | D:10     | Killed a seven-headed hydra
 13749 | D:10     | Reached skill level 10 in Invocations
 14266 | D:11     | Noticed a cyclops
 14279 | D:11     | Killed a cyclops
 14394 | D:11     | Found a staircase to the Orcish Mines.
 14479 | D:11     | Noticed an eight-headed hydra
 14488 | D:11     | Killed an eight-headed hydra
 14931 | D:11     | Noticed an eight-headed hydra
 14943 | D:11     | Killed an eight-headed hydra
 14943 | D:11     | Received a gift from Okawaru
 15615 | D:11     | Noticed a boulder beetle
 15638 | D:11     | Killed a boulder beetle
 15639 | D:11     | Reached XP level 12. HP: 52/110 MP: 1/18
 16232 | D:12     | Noticed Nessos
 16233 | D:12     | Noticed a boulder beetle
 16371 | D:11     | Killed Nessos
 16435 | D:12     | Killed a boulder beetle
 16438 | D:12     | Received a gift from Okawaru
 16764 | D:12     | Found a radiant altar of Vehumet.
 16858 | D:12     | Noticed a seven-headed hydra
 16861 | D:12     | Noticed a two-headed ogre
 16864 | D:12     | Killed a seven-headed hydra
 16887 | D:12     | Killed a two-headed ogre
 17361 | D:12     | Noticed a seven-headed hydra
 17362 | D:12     | Identified the +0 ring mail "Tatuizxisea" {Contam rCorr
                  | Str+2 Dex+3}
 17386 | D:12     | Killed a seven-headed hydra
 17592 | D:12     | Noticed a boulder beetle
 17596 | D:12     | Noticed a four-headed hydra
 17815 | D:12     | Slain by a four-headed hydra

Illustrated notes

Levels and vault maps discovered:
D:1:      dpeg_arrival_erosion, layout_basic, hellmonk_ecumenical_altar_run_dry,
          minmay_worlds_worst_comb
D:2:      layout_basic, serial_park_tiny_1, minmay_door_square,
          minmay_diced_spiral, uniq_crazy_yiuf_cottage
D:3:      layout_basic, serial_shops, nicolae_shop_stone, minmay_quadrilaterals
D:4:      layout_cave_pods
D:5:      layout_gridville, hellmonk_ghost_happy_afterlife,
          supply_closet_lemuel, uniq_pikel
D:6:      minmay_polygon_palace, layout_gridville, kb_rosetta
D:7:      layout_loops_corners, minmay_temple_entry_stoned_glass,
          small_statue_alley_b
D:8:      layout_basic, grunt_temple_overflow_cloverleaf, lair_entry_dummy,
          serial_shops, shop
D:9:      layout_loops_ring, serial_shops, nicolae_take_the_stairs, hex_medium,
          nicolae_shop_self_help, uniq_grum
D:10:     layout_loops_cross
D:11:     layout_basic, orc_0_dummy, hangedman_abyss_or_decor_stagger,
          chequers_serial_rivers_room_a
D:12:     layout_basic, vehumet_altar_wand_db, uniq_nessos
Temple:   dpeg_five_rooms_temple

Skill      XL: |  1  2  3  4  5  6  7  8  9 10 11 12 |
---------------+-------------------------------------+-----
Invocations    | 1 2 3 4 6 7 9 10 11 | 11.2
Fighting       | 4 5 7 8 9 11 | 11.8
Armour         | 1 2 3 4 5 6 |  6.4
Unarmed Combat | 4 5 7 8 9 10 11 | 11.7
Dodging        | 3 4 5 6 7 |  7.1
Stealth        | |  2.1

Action                   |  1- 3 |  4- 6 |  7- 9 | 10-12 || total
-------------------------+-------+-------+-------+-------++-------
Melee: Unarmed           |   120 |   286 |   139 |   600 ||  1145
       Punch             |     2 |    12 |     4 |    40 ||    58
Invok: Heroism           |       |       |       |     3 ||     3
  Use: Scroll            |       |       |    12 |     1 ||    13
       Potion            |       |       |       |     4 ||     4
 Stab: Sleeping          |     4 |       |       |       ||     4
       Invisible         |       |       |       |     2 ||     2
Armor: Robe              |    13 |       |       |       ||    13
       Ring mail         |    13 |    67 |       |       ||    80
       Plate armour      |       |    43 |   119 |   326 ||   488
       Acid dragon scale |       |       |       |    56 ||    56
Dodge: Dodged            |    75 |   127 |    77 |   313 ||   592

Table legend: (Time is in decaauts)
 A = Elapsed time spent in this place.
 B = Non-inter-level travel time spent in this place.
 C = Inter-level travel time spent in this place.
 D = Time resting spent in this place.
 E = Time spent auto-exploring this place.
 F = Levels seen in this place.
 G = Mean time per level.
                   A        B        C        D        E       F      G
               +--------+--------+--------+--------+--------+-----+--------+
         Total |  17679 |  17145 |    534 |   3733 |  11125 |  13 | 1359.9 |
       Dungeon |  17327 |  16871 |    456 |   3733 |  10863 |  12 | 1443.9 |
        Temple |    351 |    274 |     77 |      0 |    262 |   1 |  351.0 |
               +--------+--------+--------+--------+--------+-----+--------+

Top non-repeatable levels by time:
    D:11: 2880 daAuts
     D:4: 2218 daAuts
    D:10: 1632 daAuts
     D:6: 1324 daAuts
     D:2: 1294 daAuts
     D:5: 1275 daAuts
     D:1: 1255 daAuts
     D:3: 1237 daAuts
     D:8: 1152 daAuts
     D:9: 1082 daAuts
     D:7: 1026 daAuts
    D:12: 948 daAuts
  Temple: 351 daAuts
